 Dungeon Crawl Stone Soup version 0.23.2-1-ga50397a (webtiles) character file.

Game seed: 16059042382997620962

541 TheBlackPlague the Chopper (level 7, -2/61 HPs)
             Began as a Minotaur Fighter on May 11, 2019.
             Slain by Lucio's ghost (9 damage)
             ... on level 4 of the Dungeon.
             The game lasted 00:52:35 (5601 turns).

TheBlackPlague the Chopper (Minotaur Fighter)       Turns: 5601, Time: 00:52:36

Health: -2/61      AC:  8    Str: 21    XL:     7   Next: 5%
Magic:  6/6        EV: 10    Int:  6    God:
Gold:   242        SH:  5    Dex: 10    Spells: 6/6 levels left

rFire    . . .     SeeInvis .   a - +1 war axe
rCold    . . .     Gourm    .   F - +0 buckler
rNeg     . . .     Faith    .   b - +0 scale mail
rPois    .         Spirit   .   (helmet restricted)
rElec    .         Reflect  .   (no cloak)
rCorr    .         Harm     .   (no gloves)
MR       +....                  h - +0 pair of boots
Stlth    ..........             (no amulet)
HPRegen  0.20/turn              m - ring of protection from magic
MPRegen  0.10/turn              (no ring)

@: no status effects
A: retaliatory headbutt, horns 2
a: no special abilities


You were on level 4 of the Dungeon.
You were not hungry.

You visited 1 branch of the dungeon, and saw 4 of its levels.

You collected 242 gold pieces.

Inventory:

Hand Weapons
 a - a +1 war axe (weapon)
 d - a +0 arbalest
 i - a +0 club
 j - a +0 dagger
 y - a +0 short sword
 z - a +0 great sword
 A - a +0 hand axe
 C - a +0 mace
 D - a +0 whip
Missiles
 o - 6 javelins (quivered)
 q - 8 tomahawks
 r - 26 sling bullets
 t - 226 stones
 u - 8 arrows
 v - 27 poisoned needles
 w - 45 bolts
Armour
 b - a +0 scale mail (worn)
 c - a +0 shield
 h - a +0 pair of boots (worn)
 k - a +0 robe
 n - a +0 ring mail
 p - a +0 leather armour
 F - a +0 buckler (worn)
 G - a +0 plate armour
Jewellery
 m - a ring of protection from magic (left hand)
 H - an uncursed amulet of faith
Scrolls
 g - 6 scrolls of identify
 l - a scroll of fog
 s - 4 scrolls of remove curse
 B - a scroll of magic mapping {unknown}
Potions
 e - 3 potions of curing
 x - 2 potions of haste
 E - 3 potions of degeneration
Comestibles
 f - 7 rations


   Skills:
 + Level 5.1 Fighting
 + Level 5.9 Axes
 + Level 5.5 Armour
 + Level 1.8 Dodging
 + Level 0.4 Stealth
 + Level 5.0 Shields


You had 6 spell levels left.
You didn't know any spells.
Your spell library contained the following spells:

 Spells                   Type           Power        Failure   Level  Hunger
 Summon Small Mammal      Summ           #...         77%         1    ##.....
 Call Imp                 Summ           #.......     88%         2    ###....
 Call Canine Familiar     Summ           #.......     98%         3    ####...
 Summon Guardian Golem    Hex/Summ       #.......     98%         3    ####...
 Summon Ice Beast         Ice/Summ       #.......     100%        4    #####..
 Summon Lightning Spire   Summ/Air       #.......     100%        4    #####..


Dungeon Overview and Level Annotations

Branches:
Dungeon (4/15)
 Temple: D:4-7

Altars:
Ashenzari
Xom

Annotations:
D:4 Lucio's ghost, novice TrBe


Innate Abilities, Weirdness & Mutations

You reflexively headbutt those who attack you in melee.
You have a pair of horns on your head.


Message History

You barely miss Lucio's ghost.
Lucio's ghost is almost destroyed.
Lucio's ghost closely misses you. Lucio's ghost misses you.
You hit Lucio's ghost but do no damage. Your headbutt misses Lucio's ghost.
Lucio's ghost is almost destroyed.
Lucio's ghost hits you.
You hit Lucio's ghost.
Lucio's ghost is almost destroyed.
Lucio's ghost hits you!
* * * LOW HITPOINT WARNING * * *
You closely miss Lucio's ghost.
Lucio's ghost is almost destroyed.
Lucio's ghost hits you.
* * * LOW HITPOINT WARNING * * *
You closely miss Lucio's ghost.
Lucio's ghost is almost destroyed.
Lucio's ghost hits you.
* * * LOW HITPOINT WARNING * * *
Lucio's ghost hits you!
You die...

......'..........................
......####...##########.....##...
.....## ##..##...(.(.##....<..#.
....## ##..#((.....####..#####
...## ####....(..#.....# # .[.#
#..(....####.## #..# #8....(.#
#.# ### #..# ####W''######.# #..
#..###########..@..........# #.#
...............###.###.##### #.#
....############ #.....# #.#
...## #####.# #># ..##
#.########.# #.# #..........# #.#
############ #.# #.#


You could see Lucio's ghost.

Vanquished Creatures
  2 scorpions (D:4)
  2 hounds (D:4)
  4 orc wizards
  2 iguanas (D:4)
  A worker ant (D:4)
  A hound skeleton (D:4)
  7 adders
  3 gnolls (D:4)
  3 worms
  2 dart slugs
  10 orcs
  3 ball pythons (D:3)
  5 bats
  2 giant cockroaches (D:3)
  6 goblins
  7 hobgoblins
  2 jackals (D:2)
  4 kobolds
  A quokka (D:3)
  7 frilled lizards
  A quokka skeleton (D:4)
  11 rats
86 creatures vanquished.

Notes
Turn   | Place    | Note
-------+----------+-------------------------------------------
     0 | D:1      | TheBlackPlague the Minotaur Fighter began the quest for the
                  | Orb.
     0 | D:1      | Reached XP level 1. HP: 19/19 MP: 0/0
   353 | D:1      | Reached XP level 2. HP: 27/27 MP: 1/1
   937 | D:2      | Found a shattered altar of Ashenzari.
  1430 | D:2      | Reached XP level 3. HP: 22/33 MP: 2/2
  2281 | D:2      | You fall through a shaft!
  2799 | D:3      | Found a shattered altar of Ashenzari.
  2817 | D:3      | Reached XP level 4. HP: 25/41 MP: 3/3
  2975 | D:3      | Reached XP level 5. HP: 34/47 MP: 4/4
  3783 | D:3      | Reached skill level 1 in Dodging
  4136 | D:4      | Reached skill level 5 in Armour
  4217 | D:4      | Reached XP level 6. HP: 17/55 MP: 5/5
  4660 | D:4      | Reached skill level 5 in Axes
  4705 | D:4      | Reached skill level 5 in Fighting
  4790 | D:4      | Reached skill level 5 in Shields
  4790 | D:4      | Reached XP level 7. HP: 61/61 MP: 6/6
  5008 | D:4      | Found a shimmering altar of Xom.
  5084 | D:4      | Found a runed translucent gate.
  5085 | D:4      | Found a runed translucent gate.
  5086 | D:4      | Found a runed translucent gate.
  5088 | D:4      | Noticed Lucio's ghost (novice TrBe)
  5601 | D:4      | Slain by Lucio's ghost

Skill      XL: |  1  2  3  4  5  6 |
---------------+-------------------+-----
Fighting       | 4 5 |  5.1
Armour         | 4 5 |  5.5
Shields        | 4 5 |  5.0
Axes           | 3 4 5 |  5.9
Dodging        | 1 |  1.8
Stealth        | |  0.4

Action                   |  1- 3 |  4- 6 |  7- 9 || total
-------------------------+-------+-------+-------++-------
Melee: War axe           |    96 |   115 |    23 ||   234
       Headbutt          |    17 |    19 |     2 ||    38
  Use: Scroll            |     6 |     1 |     1 ||     8
       Potion            |     5 |     2 |       ||     7
  Eat: Chunk             |     2 |     7 |       ||     9
       Ration            |     1 |       |     1 ||     2
Armor: Scale mail        |    42 |    36 |     7 ||    85
Dodge: Dodged            |    39 |    55 |     9 ||   103
Block: Shield            |    47 |    14 |       ||    61
       Buckler           |       |    24 |     3 ||    27
